 Dungeon Crawl Stone Soup version 0.29.0-4-gdea44cf6ec (webtiles) character file.

Game seed: 566866849907895879

1449 qw the Cleaver (level 8, -1/51 HPs)
             Began as a Tengu Warper on Aug 28, 2022.
             Slain by Edmund
             ... wielding a +4 dire flail of protection
              (2 damage)
             ... on level 5 of the Dungeon.
             The game lasted 00:00:34 (6344 turns).

qw the Cleaver (Tengu Warper)                       Turns: 6344, Time: 00:00:34

Health: -1/51      AC: 16    Str: 13    XL:     8   Next: 75%
Magic:  12/12      EV:  7    Int: 14    God:
Gold:   234        SH:  4    Dex: 14    Spells: 11/11 levels left

rFire   . . .      SeeInvis .   Y - +0 hand axe (protect)
rCold   . . .      Faith    .   h - +0 buckler
rNeg    . . .      Spirit   .   k - +0 chain mail
rPois   .          Reflect  .   (helmet restricted)
rElec   .          Harm     .   (no cloak)
rCorr   .          Rampage  .   (no gloves)
Will    .....                   (boots unavailable)
Stlth   ..........              (no amulet)
HPRegen 0.17/turn               (no ring)
MPRegen 0.13/turn               (no ring)

@: under a protective aura, flying quickly and evasively, quick
A: beak, talons 3, nimble flight
a: no special abilities


You were on level 5 of the Dungeon.
You visited 1 branch of the dungeon, and saw 5 of its levels.

You collected 234 gold pieces.


Innate Abilities, Weirdness & Mutations

You have a beak for a mouth.
You have claws for feet.
Your magical nature lets you fly swiftly and evasively.


   Skills:
 - Level 6.0 Fighting
 + Level 9.0 Axes
 - Level 1.0 Throwing
 - Level 3.3 Armour
 - Level 2.1 Dodging
 - Level 2.0 Shields
 - Level 2.0 Spellcasting
 - Level 2.4 Translocations


You had 11 spell levels left.
You didn't know any spells.
Your spell library contained the following spells:

 Spells                   Type           Power      Damage    Failure   Level
 Blink                    Tloc           16%        N/A       99%         2
 Gell's Gravitas          Tloc           8%         N/A       100%        3
 Lesser Beckoning         Tloc           8%         N/A       100%        3
 Teleport Other           Tloc           8%         N/A       100%        3
 Manifold Assault         Tloc           8%         N/A       100%        5

Inventory:

Hand Weapons
 e - a +0 flail
 Y - a +0 hand axe of protection (weapon)
Armour
 h - a +0 buckler (worn)
 k - a +0 chain mail (worn)
Scrolls
 a - a scroll of identify
 b - 3 scrolls of noise {unknown}
Potions
 c - 3 potions of haste
 d - a potion of cancellation
 f - a potion of mutation
 g - a potion of ambrosia {unknown}
 j - a potion of might {unknown}
 l - a potion of curing

Dungeon Overview and Level Annotations

Branches:
Dungeon (5/15)
 Temple: D:4-7

Altars:
Sif Muna

Annotations:
D:5 1 runed translucent door, Crazy Yiuf, Edmund


Message History

Pikel freezes you.
You hit Pikel.
Pikel is heavily wounded.
You hit Pikel but do no damage.
Pikel is heavily wounded.
Pikel hits you but does no damage.
You hit Pikel but do no damage.
Pikel is heavily wounded.
You block Pikel's attack.
You closely miss Pikel. You claw Pikel.
Pikel is severely wounded.
Pikel hits you but does no damage.
You barely miss Pikel. Your kick misses Pikel.
Pikel is severely wounded.
Pikel hits you with a +0 whip of freezing.
Pikel freezes you.
You hit Pikel. Your kick misses Pikel.
Pikel is severely wounded.
Pikel hits you with a +0 whip of freezing.
Pikel freezes you.
You hit Pikel but do no damage. Your kick misses Pikel.
Pikel is severely wounded.
Pikel hits you with a +0 whip of freezing.
Pikel freezes you.
You hit Pikel. You claw Pikel, but do no damage.
Pikel is severely wounded.
Pikel hits you but does no damage.
You slash Pikel!
Pikel is almost dead.
Pikel hits you with a +0 whip of freezing.
Pikel freezes you.
You barely miss Pikel. You claw Pikel.
You kill Pikel!
With Pikel's spell broken, his former minions thank you for their freedom.
The lemure departs this earthly plane. x3; Edmund zaps a wand.
The bolt of light hits you.
Your Fighting skill gained 3 levels and is now at level 6!
Found a book of Callings.
Edmund hits you with a +4 dire flail of protection.
You die...

... ..# ### #.# ###
..# #.. ... ..# ..#
#.# #.# #.##..####
#.# #.# #.#:......
##.## #.# #.#.....
##...## #.#####.#¤.#
#..#..###.......@¤¤#
..###........##.#@##
#..#..####....###.#
##...## #....# .#
###...# 7....7 .. #
#.### 77P..7 ## .
... 77.77 ######
77.7 # 7.77


You could see Edmund.

Vanquished Creatures
  Pikel (D:5)
  A water moccasin (D:5)
  2 ogres (D:5)
  3 phantoms (D:5)
  A lemure (D:5)
  A necrophage (D:4)
  A scorpion (D:4)
  A howler monkey (D:3)
  2 orc priests
  A hound (D:3)
  Natasha (thrice) (D:3)
  An orc wizard (D:4)
  7 adders
  4 dart slugs
  10 orcs
  3 bats (D:2)
  7 endoplasms
  5 giant cockroaches
  7 goblins
  7 hobgoblins
  9 kobolds
  6 quokkas
  9 ball pythons
  13 frilled lizards
  4 rats
109 creatures vanquished.

Vanquished Creatures (others)
  4 fungi (D:5)
  4 plants (D:1)
8 creatures vanquished.

Grand Total: 117 creatures vanquished

Notes
Turn   | Place    | Note
-------+----------+-------------------------------------------
     0 | D:1      | qw the Tengu Warper began the quest for the Orb.
     0 | D:1      | Reached XP level 1. HP: 12/12 MP: 4/4
     0 | D:1      | 0 ||| qw: Version: 0.1-a-89-g26bdef1
     0 | D:1      | 0 ||| qw: Game counter: 19
     0 | D:1      | 0 ||| qw: Always use a shield: true
     0 | D:1      | 0 ||| qw: God list: Okawaru
     0 | D:1      | 0 ||| qw: Allow faded altars: false
     0 | D:1      | 0 ||| qw: Do Orc after D:15 true
     0 | D:1      | 0 ||| qw: Do second Lair branch before Depths: true
     0 | D:1      | 0 ||| qw: Lair rune preference: random
     0 | D:1      | 0 ||| qw: Plans: Normal
     0 | D:1      | 0 ||| PLANNING D:1-11
   104 | D:1      | 104 ||| Stepping ~*~*~tactically~*~*~ (stealth).
   110 | D:1      | Reached XP level 2. HP: 17/17 MP: 6/6
   116 | D:1      | Reached skill level 3 in Axes
   138 | D:1      | 138 ||| DROPPING +0 club.
   192 | D:1      | 192 ||| Stepping ~*~*~tactically~*~*~ (stealth).
   633 | D:1      | Reached XP level 3. HP: 21/21 MP: 7/7
   665 | D:1      | You fall into a shaft and drop 1 floor!
   844 | D:2      | 844 ||| UPGRADING to +0 ring mail.
   854 | D:2      | 854 ||| DROPPING +0 leather armour.
   855 | D:2      | 855 ||| READING scroll labelled WUKKESAAZI.
   856 | D:2      | 856 ||| READING scroll labelled PAVURE LULLEQO.
   857 | D:2      | 857 ||| DRINKING 2 viscous cyan potions.
   961 | D:2      | 961 ||| DROPPING scroll of blinking.
   962 | D:2      | 962 ||| DROPPING potion of berserk rage.
  1392 | D:1      | 1392 ||| READING scroll labelled CALOHEF FEBLYT.
  1526 | D:2      | Reached skill level 4 in Axes
  1791 | D:2      | 1791 ||| Stepping ~*~*~tactically~*~*~ (stealth).
  1980 | D:2      | Reached XP level 4. HP: 26/26 MP: 8/8
  2058 | D:2      | 2058 ||| Stepping ~*~*~tactically~*~*~ (stealth).
  2186 | D:3      | 2186 ||| FLEEEEING.
  2187 | D:3      | 2187 ||| FLEEEEING.
  2189 | D:3      | 2189 ||| FLEEEEING.
  2190 | D:3      | 2190 ||| FLEEEEING.
  2191 | D:3      | 2191 ||| FLEEEEING.
  2192 | D:3      | 2192 ||| FLEEEEING.
  2193 | D:3      | 2193 ||| FLEEEEING.
  2196 | D:3      | 2196 ||| STAIRDANCE
  2227 | D:2      | 2227 ||| UPGRADING to +0 scale mail.
  2237 | D:2      | 2237 ||| DROPPING +0 ring mail.
  2288 | D:3      | Noticed Natasha
  2296 | D:3      | Killed Natasha
  2297 | D:3      | Reached skill level 5 in Axes
  2307 | D:3      | 2307 ||| FLEEEEING.
  2311 | D:3      | 2311 ||| FLEEEEING.
  2312 | D:3      | 2312 ||| FLEEEEING.
  2313 | D:3      | 2313 ||| FLEEEEING.
  2314 | D:3      | 2314 ||| FLEEEEING.
  2315 | D:3      | 2315 ||| FLEEEEING.
  2318 | D:3      | 2318 ||| FLEEEEING.
  2319 | D:3      | 2319 ||| FLEEEEING.
  2320 | D:3      | 2320 ||| STAIRDANCE
  2500 | D:2      | 2500 ||| READING 2 scrolls of identify.
  2500 | D:2      | 2500 ||| IDENTIFYING orange potion
  2504 | D:3      | 2504 ||| STAIRDANCE
  2664 | D:3      | Gained mutation: Your magical nature lets you fly swiftly
                  | and evasively. [Tengu growth]
  2664 | D:3      | Reached XP level 5. HP: 23/30 MP: 9/9
  2742 | D:3      | Noticed Natasha
  2743 | D:3      | 2743 ||| Stepping ~*~*~tactically~*~*~ (hiding).
  2755 | D:3      | Killed Natasha
  3001 | D:3      | Noticed Natasha
  3009 | D:3      | Killed Natasha
  3010 | D:3      | Reached skill level 6 in Axes
  3442 | D:3      | Found a faded altar of an unknown god.
  3507 | D:3      | 3507 ||| READING 3 scrolls of identify.
  3507 | D:3      | 3507 ||| IDENTIFYING metallic emerald potion
  3508 | D:3      | 3508 ||| READING 2 scrolls of identify.
  3508 | D:3      | 3508 ||| IDENTIFYING purple potion
  3509 | D:3      | 3509 ||| DROPPING potion of attraction.
  3520 | D:4      | 3520 ||| STAIRDANCE
  3531 | D:4      | 3531 ||| STAIRDANCE
  3750 | D:4      | 3750 ||| STAIRDANCE
  3754 | D:3      | Reached XP level 6. HP: 35/35 MP: 10/10
  3760 | D:4      | 3760 ||| STAIRDANCE
  3768 | D:4      | 3768 ||| STAIRDANCE
  3775 | D:3      | Reached skill level 7 in Axes
  3957 | D:4      | HP: 3/35 [orc priest/+0 flail (6)]
  3968 | D:4      | 3968 ||| FLEEEEING.
  3969 | D:4      | 3969 ||| STAIRDANCE
  4242 | D:4      | 4242 ||| DROPPING +0 whip.
  4259 | D:4      | 4259 ||| Stepping ~*~*~tactically~*~*~ (stealth).
  4312 | D:4      | 4312 ||| Stepping ~*~*~tactically~*~*~ (stealth).
  4418 | D:4      | Reached skill level 3 in Fighting
  4457 | D:4      | Reached XP level 7. HP: 17/41 MP: 11/11
  4460 | D:4      | HP: 10/41 [poisoned by a scorpion]
  4465 | D:4      | HP: 6/41 [poisoned by a scorpion]
  4765 | D:4      | 4765 ||| Stepping ~*~*~tactically~*~*~ (stealth).
  4766 | D:4      | 4766 ||| Stepping ~*~*~tactically~*~*~ (stealth).
  4927 | D:4      | 4927 ||| Stepping ~*~*~tactically~*~*~ (cloud).
  4929 | D:4      | 4929 ||| Stepping ~*~*~tactically~*~*~ (cloud).
  5010 | D:4      | Found a shimmering blue altar of Sif Muna.
  5106 | D:4      | 5106 ||| Stepping ~*~*~tactically~*~*~ (stealth).
  5132 | D:4      | 5132 ||| UPGRADING to +0 buckler.
  5137 | D:4      | 5137 ||| DRINKING 2 cyan potions.
  5138 | D:4      | 5138 ||| READING 2 scrolls of identify.
  5138 | D:4      | 5138 ||| IDENTIFYING lumpy green potion
  5154 | D:5      | Entered Level 5 of the Dungeon
  5256 | D:5      | HP: 8/41 [water moccasin (5)]
  5259 | D:5      | Reached skill level 8 in Axes
  5525 | D:5      | HP: 1/41 [ogre/+0 giant club (17)]
  5885 | D:5      | Reached XP level 8. HP: 19/46 MP: 12/12
  5885 | D:5      | 5885 ||| FLEEEEING.
  5886 | D:5      | 5886 ||| FLEEEEING.
  5887 | D:5      | 5887 ||| FLEEEEING.
  5888 | D:5      | 5888 ||| FLEEEEING.
  5889 | D:5      | 5889 ||| FLEEEEING.
  5890 | D:5      | 5890 ||| FLEEEEING.
  5891 | D:5      | 5891 ||| FLEEEEING.
  5892 | D:5      | 5892 ||| FLEEEEING.
  5893 | D:5      | 5893 ||| FLEEEEING.
  5894 | D:5      | 5894 ||| FLEEEEING.
  5895 | D:5      | 5895 ||| FLEEEEING.
  5896 | D:5      | 5896 ||| FLEEEEING.
  5897 | D:5      | 5897 ||| FLEEEEING.
  5899 | D:5      | 5899 ||| FLEEEEING.
  5900 | D:5      | 5900 ||| FLEEEEING.
  5901 | D:5      | 5901 ||| FLEEEEING.
  5903 | D:5      | 5903 ||| FLEEEEING.
  5904 | D:5      | 5904 ||| FLEEEEING.
  5905 | D:5      | 5905 ||| FLEEEEING.
  5908 | D:5      | 5908 ||| FLEEEEING.
  5909 | D:5      | 5909 ||| FLEEEEING.
  5910 | D:5      | 5910 ||| FLEEEEING.
  5911 | D:5      | 5911 ||| FLEEEEING.
  5912 | D:5      | 5912 ||| FLEEEEING.
  5921 | D:5      | 5921 ||| FLEEEEING.
  5922 | D:5      | 5922 ||| FLEEEEING.
  5923 | D:5      | 5923 ||| FLEEEEING.
  5928 | D:5      | 5928 ||| FLEEEEING.
  5929 | D:5      | 5929 ||| FLEEEEING.
  5930 | D:5      | 5930 ||| FLEEEEING.
  5931 | D:5      | 5931 ||| FLEEEEING.
  5932 | D:5      | 5932 ||| FLEEEEING.
  5938 | D:5      | 5938 ||| FLEEEEING.
  5939 | D:5      | 5939 ||| FLEEEEING.
  5940 | D:5      | 5940 ||| STAIRDANCE
  6065 | D:4      | 6065 ||| UPGRADING to +0 chain mail.
  6075 | D:4      | 6075 ||| DROPPING +0 scale mail.
  6076 | D:4      | 6076 ||| READING scroll labelled LOVUNUJ XIUN.
  6178 | D:5      | 6178 ||| Stepping ~*~*~tactically~*~*~ (stealth).
  6270 | D:5      | Reached skill level 9 in Axes
  6296 | D:5      | Found a runed translucent door.
  6297 | D:5      | Noticed Crazy Yiuf
  6313 | D:5      | Noticed Pikel
  6317 | D:5      | Reached skill level 3 in Armour
  6321 | D:5      | Noticed Edmund
  6340 | D:5      | HP: 11/46 [Pikel/+0 whip of freezing (2)]
  6343 | D:5      | Killed Pikel
  6343 | D:5      | HP: 1/46 [Edmund/bolt of light (5)]
  6344 | D:5      | Reached skill level 6 in Fighting
  6344 | D:5      | Slain by Edmund

Levels and vault maps discovered:
D:1:      lightli_arrival_maybe_door_vault, layout_basic, minmay_lizard_king
D:2:      layout_basic, st_stairs_8
D:3:      layout_basic, ebering_ecumenical_altar_hall, uniq_natasha
D:4:      layout_rooms, tgw_sif, chequers_serial_rivers_micro_a
D:5:      layout_loops_ring, kennysheep_mini, nicolae_fountain_basement,
          uniq_crazy_yiuf_cottage, uniq_pikel, uniq_edmund

Skill      XL: |  1  2  3  4  5  6  7  8 |
---------------+-------------------------+-----
Axes           | 3 4 5 6 7 8 9 |  9.0
Fighting       | 3 6 |  6.0
Shields        | 2 |  2.0
Armour         | 3 |  3.3
Throwing       | |  1.0
Dodging        | |  2.1
Spellcasting   | |  2.0
Translocations | |  2.4

Action                   |  1- 3 |  4- 6 |  7- 9 || total
-------------------------+-------+-------+-------++-------
Melee: Hand axe          |    99 |   150 |   107 ||   356
       Peck              |    14 |    16 |    20 ||    50
       Kick              |    18 |    36 |    28 ||    82
       Punch             |     1 |     1 |       ||     2
Throw: Boomerang         |     7 |    10 |     5 ||    22
  Use: Scroll            |     3 |     3 |     2 ||     8
       Potion            |     1 |       |     1 ||     2
Armor: Leather armour    |    11 |       |       ||    11
       Ring mail         |    23 |     3 |       ||    26
       Scale mail        |       |    44 |     8 ||    52
       Chain mail        |       |       |    15 ||    15
Dodge: Dodged            |    45 |    88 |    23 ||   156
Block: Buckler           |       |       |    12 ||    12

Table legend:
 A = Non-vault XP
 B = Vault XP
 C = Vault XP percentage of total XP
 D = Non-vault monster count
 E = Vault monster count
 F = Vault count percentage of total count
                 A         B        C        D         E       F
            +---------+---------+-------+---------+---------+-------
      Total |    1357 |     714 |  34.5 |      93 |      15 |  13.9
            +---------+---------+-------+---------+---------+-------
        D:1 |      26 |      11 |  29.7 |      14 |      11 |  44.0
        D:2 |      59 |       2 |   3.3 |      24 |       1 |   4.0
        D:3 |     253 |      36 |  12.5 |      30 |       1 |   3.2
        D:4 |     245 |      36 |  12.8 |      14 |       1 |   6.7
        D:5 |     774 |     629 |  44.8 |      11 |       1 |   8.3
            +---------+---------+-------+---------+---------+-------
